[Event "*** Titled Tuesday 3|2 Blitz"]
[Site "Chess.com"]
[Date "2015.12.01"]
[Round "7"]
[White "darsen_sanzhaev"]
[Black "BellJackson95"]
[Result "0-1"]
[WhiteElo "2228"]
[BlackElo "2171"]
[TimeControl "180+2"]
[EndTime "12:27:48 PST"]
[Termination "BellJackson95 won by resignation"]

1. d4 Nf6 2. c4 c5 3. d5 e6 4. Nc3 exd5 5. cxd5 d6 6. Bf4 a6 7. Nf3 b5 8. a4 b4 9. Nb1 Bb7 10. Bg5 Be7 11. Bxf6 Bxf6 12. Ra2 c4 13. b3 c3 14.
e4 O-O 15. Bd3 Nd7 16. O-O Nc5 17. Re1 a5 18. Bc4 Re8 19. Rae2 Qb6 20. Bb5 Ba6 21.
Bxa6 Qxa6 22. g4 h6 23. Kh1 Nd3 24. Rf1 Nf4 25. Re3 c2 0-1

[Event "*** Titled Tuesday 3|2 Blitz"]
[Site "Chess.com"]
[Date "2015.12.01"]
[Round "7"]
[White "Tesla37"]
[Black "jcibarra"]
[Result "0-1"]
[WhiteElo "2513"]
[BlackElo "2518"]
[TimeControl "180+2"]
[EndTime "12:28:03 PST"]
[Termination "jcibarra won by resignation"]

1. e4 e5 2. Nf3 d6 3. d4 exd4 4.
Nxd4 Nf6 5. Nc3 Be7 6. g3 d5 7. e5 Ng4 8. e6 Nf6 9. exf7+ Kxf7 10. Bg2 c6 11. O-O Re8 12. h3 Kg8 13. b3 c5 14.
Nf3 d4 15. Ne2 Nc6 16. Nf4 Bf5 17. g4 Be4 18. Ne6 Qd7 19. Re1 Bd6 20. Nf4 Nb4 21.
Nd3 Nfd5 22. Nfe5 Bxe5 23. Bxe4 Nc3 24. Qf3 Nxe4 25. Rxe4 Nxc2 26. Nxe5 Qd5 27. Qf5 Nxa1 28. g5 Rf8 29. Qg4 Rae8 30. Qe2 d3 31. Qb2 Qxe4 0-1

[Event "*** Titled Tuesday 3|2 Blitz"]
[Site "Chess.com"]
[Date "2015.12.01"]
[Round "7"]
[White "GrigorGrigorov"]
[Black "Anton_Demchenko"]
[Result "0-1"]
[WhiteElo "2541"]
[BlackElo "2665"]
[TimeControl "180+2"]
[EndTime "12:28:16 PST"]
[Termination "Anton_Demchenko won by resignation"]

1. d4 Nf6 2. c4 g6 3. Nf3 Bg7 4. g3 O-O 5. Bg2 d6 6. O-O Nbd7 7. Nc3 e5 8. e4 exd4 9. Nxd4 Re8 10. h3 Nc5 11.
Re1 a5 12. Rb1 h6 13. Nb3 Ne6 14. a4 Bd7 15. Kh2 Bc6 16. f4 Nd7 17. Be3 h5 18.
Nd4 Nxd4 19. Bxd4 h4 20. g4 g5 21. Bxg7 Kxg7 22. e5 Bxg2 23. Kxg2 dxe5 24. fxg5 Nc5 25. Qxd8 Raxd8 26. Red1 c6 27. Kf3 Rd4 28. Rxd4 exd4 29.
Ne2 Re3+ 30. Kf2 Ne4+ 31. Kf1 Nd2+ 0-1

[Event "*** Titled Tuesday 3|2 Blitz"]
[Site "Chess.com"]
[Date "2015.12.01"]
[Round "7"]
[White "chessdude"]
[Black "kharposh"]
[Result "1-0"]
[WhiteElo "2272"]
[BlackElo "2090"]
[TimeControl "180+2"]
[EndTime "12:28:34 PST"]
[Termination "chessdude won by resignation"]

1. e4 e5 2. Nf3 Nc6 3. Bb5 Nf6 4. d3 Bc5 5. O-O d6 6. c3 Bb6 7. h3 O-O 8. Nbd2 Ne7 9. Ba4 Ng6 10. Re1 Nf4 11.
d4 Nd3 12. Re2 Nh5 13. Nf1 Nxc1 14. Rxc1 Nf4 15. Re1 Qf6 16. Ng3 Qg6 17. Bc2 Be6 18. Bb1 Rad8 19. Qd2 f6 20. Rcd1 Kh8 21. Kh2 c6 22.
Nh4 Qf7 23. Ngf5 g6 24. Ne3 Qg7 25. g3 Nxh3 26. Nef5 gxf5 27. exf5 Ng5 28. fxe6 Qh6 29. Kg2 Nxe6 30. Qxh6 1-0

[Event "*** Titled Tuesday 3|2 Blitz"]
[Site "Chess.com"]
[Date "2015.12.01"]
[Round "7"]
[White "Saitama_Hero"]
[Black "NguyenDucHoa"]
[Result "0-1"]
[WhiteElo "2132"]
[BlackElo "2361"]
[TimeControl "180+2"]
[EndTime "12:28:48 PST"]
[Termination "NguyenDucHoa won by resignation"]

1. d4 Nf6 2. c4 g6 3. Nc3 d5 4. cxd5 Nxd5 5. Bd2 Bg7 6. e4 Nb6 7. Be3 O-O 8. Qd2 Nc6 9. Nf3 Bg4 10. d5 Bxf3 11.
gxf3 Ne5 12. Qe2 Nbc4 13. Bc1 Nd6 14. f4 Nd7 15. Bg2 e5 16. dxe6 fxe6 17. e5 Nf5 18. Qc4 Kh8 19. Bxb7 Rb8 20. Be4 Qh4 21. Qxc7 Nxe5 22.
fxe5 Rbc8 23. Qxa7 Rxc3 24. bxc3 Qxe4+ 25. Be3 Qxh1+ 26. Ke2 Qxa1 0-1

[Event "*** Titled Tuesday 3|2 Blitz"]
[Site "Chess.com"]
[Date "2015.12.01"]
[Round "7"]
[White "PowerThinking2650"]
[Black "ZEN-22"]
[Result "0-1"]
[WhiteElo "2091"]
[BlackElo "2253"]
[TimeControl "180+2"]
[EndTime "12:28:55 PST"]
[Termination "ZEN-22 won by resignation"]

1. e4 c5 2. Nf3 e6 3. d4 cxd4 4. Nxd4 Nf6 5. Nc3 Bb4 6. e5 Nd5 7. Qg4 O-O 8. Bh6 g6 9. Bxf8 Qxf8 10. Ne2 Nc6 11. Qg3 Qc5 12. f4 Nd4 13. Nxd4 Qxd4 14. Rd1 Qxf4 15. Qxf4 Nxf4 16. a3 Ba5 17. b4 Bc7 18. Nb5 Bxe5 19. g3 Nd5 20. c4 Ne3 21.
Rd3 Nxc4 22. Bg2 a6 23. Nd4 d5 24. O-O Bd7 25. Nf3 Bd6 26. Rfd1 Ba4 27. Re1 a5 28.
Nd4 axb4 29. axb4 Bxb4 30. Re2 Bc5 31. h3 Bb5 32. Kh2 Nb2 0-1

[Event "*** Titled Tuesday 3|2 Blitz"]
[Site "Chess.com"]
[Date "2015.12.01"]
[Round "7"]
[White "lukas_111111"]
[Black "Tirantes"]
[Result "1/2-1/2"]
[WhiteElo "2227"]
[BlackElo "2227"]
[TimeControl "180+2"]
[EndTime "12:29:00 PST"]
[Termination "Game drawn by repetition"]

1. e4 c6 2. d4 d5 3. Nd2 dxe4 4. Nxe4 Nd7 5. Ng5 Ngf6 6. Bd3 e6 7. Qe2 Bd6 8. N1f3 h6 9. Ne4 Nxe4 10. Qxe4 Qc7 11. Bd2 b6 12. Qg4 g5 13. Qh3 Bf4 14. Bxf4 Qxf4 15.
Qg3 Bb7 16. Qxf4 gxf4 17. Ne5 Nxe5 18. dxe5 c5 19. f3 Rd8 20. Kf2 Rd4 21. Rad1 Ke7 22.
c3 Rd5 23. Rhe1 Rhd8 24. Bc2 f6 25. Rxd5 Rxd5 26. exf6+ Kxf6 27. Re2 Re5 28. Rd2 Rd5 29. Re2 Re5 30. Rd2 Rd5 31. Re2 Re5 32. Rd2 Rd5 33. Re2 Re5 1/2-1/2

[Event "*** Titled Tuesday 3|2 Blitz"]
[Site "Chess.com"]
[Date "2015.12.01"]
[Round "7"]
[White "BIG_Pirate"]
[Black "KnightSeeSix"]
[Result "1-0"]
[WhiteElo "2306"]
[BlackElo "2167"]
[TimeControl "180+2"]
[EndTime "12:29:01 PST"]
[Termination "BIG_Pirate won by resignation"]

1. Nf3 Nf6 2. c4 c5 3. Nc3 Nc6 4. g3 g6 5. Bg2 Bg7 6. O-O O-O 7. a3 e5 8. d3 d6 9. Rb1 a5 10. Ne1 Bd7 11. Nc2 h6 12. b4 axb4 13. axb4 cxb4 14.
Nxb4 Nxb4 15. Rxb4 Bc6 16. Qb3 Nd7 17. Be3 Re8 18. Nd5 Nc5 19. Qb1 Qa5 20. Nb6 Ra6 21. Nd5 e4 22. d4 Ne6 23. Rd1 f5 24. Nb6 Nc7 25. d5 Bc3 26. Rb3 Ba4 27. Nxa4 Qxa4 28.
Rxc3 1-0

[Event "*** Titled Tuesday 3|2 Blitz"]
[Site "Chess.com"]
[Date "2015.12.01"]
[Round "7"]
[White "AleksandrNevski"]
[Black "THORK"]
[Result "1-0"]
[WhiteElo "2356"]
[BlackElo "2185"]
[TimeControl "180+2"]
[EndTime "12:29:13 PST"]
[Termination "AleksandrNevski won by resignation"]

1. Nf3 f5 2. d4 Nf6 3. Bg5 e6 4. Nbd2 Be7 5. Bxf6 Bxf6 6. e4 fxe4 7. Nxe4 d6 8. Bd3 Nc6 9. c3 O-O 10. Qe2 e5 11. d5 Ne7 12. O-O-O Ng6 13. g3 a5 14. Qe3 a4 15. a3 Be7 16. h4 Bg4 17.
Be2 h6 18. h5 Nh8 19. Nfd2 Bxe2 20. Qxe2 Bg5 21. Kb1 Bxd2 22. Rxd2 Nf7 23. f4 Rb8 24. Qg4 Kh8 25. Rf2 c5 26. Rhf1 Qe7 27. Qe6 Rbe8 28. Qxe7 Rxe7 29. fxe5 dxe5 30. d6 Rd7 31. Nxc5 Rxd6 32. Rxf7 Rxf7 33. Rxf7 b6 34. Ne4 Rd1+ 35. Kc2 Rh1 36. g4 Rg1 37. g5 hxg5 38. h6 Rg2+ 39.
Kd3 Kg8 40. Rxg7+ Kf8 41. Rb7 Rh2 42. h7 g4 43. Ke3 b5 44. Ng5 g3 45. Kf3 e4+ 46. Kxg3 Rh6 47. Nxe4 b4 48. axb4 a3 49. bxa3 Rg6+ 50. Kf4 Rh6 51. Ke3 Rh3+ 52. Kd4 Rh4 53.
a4 Rh6 54. a5 Ke8 55. a6 1-0

[Event "*** Titled Tuesday 3|2 Blitz"]
[Site "Chess.com"]
[Date "2015.12.01"]
[Round "7"]
[White "Gabrielian_Artur"]
[Black "petrpalachev"]
[Result "0-1"]
[WhiteElo "2471"]
[BlackElo "2336"]
[TimeControl "180+2"]
[EndTime "12:29:14 PST"]
[Termination "petrpalachev won by resignation"]

1. e4 c6 2. d3 d5 3. Nd2 e5 4. Ngf3 Bd6 5. d4 exd4 6. Bd3 dxe4 7. Nxe4 Be7 8. O-O Nf6 9. Nxf6+ Bxf6 10. Re1+ Be6 11. Qe2 O-O 12. Qe4 g6 13. Bh6 Re8 14.
Qf4 Nd7 15. Nxd4 Nc5 16. Nxe6 Nxe6 17. Qb4 Qb6 18. Qxb6 axb6 19. c3 Bg5 20. Bxg5 Nxg5 21. f4 Ne6 22. g3 Nc5 23. Rxe8+ Rxe8 24. Bf1 Rd8 25. a4 Ra8 26. b4 Rxa4 27. Rd1 Ne4 28. Rd7 Nxc3 29. Bc4 Nd5 30. Bxd5 cxd5 31. Rxd5 Rxb4 32.
Rd7 h5 33. Kf2 Rb2+ 34. Kf3 Rxh2 35. Rxb7 Rb2 36. Ke4 Rb3 37. Ke5 Kg7 38. f5 Rb5+ 39. Ke4 Rxf5 40. Rxb6 Rg5 41. Kf4 Rg4+ 42. Kf3 Ra4 43.
Rb8 g5 44. Rb6 f6 45. Rb8 Kg6 46. Rb5 h4 47. g4 Rf4+ 0-1

[Event "*** Titled Tuesday 3|2 Blitz"]
[Site "Chess.com"]
[Date "2015.12.01"]
[Round "7"]
[White "AnastasiaProtopopova"]
[Black "UltimateCrusher2"]
[Result "1-0"]
[WhiteElo "1931"]
[BlackElo "2030"]
[TimeControl "180+2"]
[EndTime "12:29:14 PST"]
[Termination "AnastasiaProtopopova won by resignation"]

1. Nf3 Nf6 2. c4 g6 3. Nc3 d5 4. Qa4+ Nc6 5. Nd4 Bd7 6. cxd5 Nxd4 7. Qxd4 Bg7 8. Qb4 O-O 9. g3 c6 10. Bg2 cxd5 11. O-O Bc6 12. d4 e6 13. Bf4 Qd7 14. e3 Rfc8 15. Rfc1 Bf8 16. Qb3 Nh5 17. a4 Nxf4 18.
gxf4 b6 19. a5 b5 20. a6 Bd6 21. Bf1 b4 22. Na4 Bxa4 23. Qxa4 Qxa4 24. Rxc8+ Rxc8 25. Rxa4 Rc1 26. Kg2 Rb1 27. Ra5 Rxb2 28. Rb5 Ra2 29. Rb7 Kg7 30. Rxa7 b3 31. Rb7 b2 32. Bd3 Rxa6 33.
Bxa6 Ba3 34. Rb3 Kf8 35. Bd3 1-0

[Event "*** Titled Tuesday 3|2 Blitz"]
[Site "Chess.com"]
[Date "2015.12.01"]
[Round "7"]
[White "Grootneus"]
[Black "silverback96"]
[Result "1-0"]
[WhiteElo "2029"]
[BlackElo "1922"]
[TimeControl "180+2"]
[EndTime "12:29:15 PST"]
[Termination "Grootneus won by resignation"]

1. e4 e6 2. d4 d5 3. Nc3 Bb4 4. Ne2 dxe4 5. a3 Bxc3+ 6. Nxc3 Nf6 7. Bg5 h6 8. Bxf6 Qxf6 9. Nxe4 Qg6 10. Bd3 Qxg2 11.
Ng3 Qc6 12. Qg4 g5 13. h4 Rg8 14. O-O-O Bd7 15. Ne4 f5 16. Qh5+ Kd8 17. Nf6 Rf8 18. Qxh6 Ke7 19. hxg5 Na6 20. d5 Qd6 21. dxe6 Bxe6 22.
Rhe1 Nc5 23. Kb1 Rf7 24. Bxf5 Qf4 25. Nd5+ 1-0

[Event "*** Titled Tuesday 3|2 Blitz"]
[Site "Chess.com"]
[Date "2015.12.01"]
[Round "7"]
[White "Iball95"]
[Black "gumersindo"]
[Result "1-0"]
[WhiteElo "2425"]
[BlackElo "2202"]
[TimeControl "180+2"]
[EndTime "12:29:17 PST"]
[Termination "Iball95 won by resignation"]

1. e4 e5 2. Nf3 Nc6 3. Nc3 Nf6 4. d4 exd4 5. Nxd4 Bb4 6. Nxc6 bxc6 7. Bd3 d5 8. exd5 cxd5 9. O-O O-O 10. h3 h6 11. Qf3 c6 12. Bf4 Bd6 13. b3 Re8 14.
Rfe1 Bxf4 15. Qxf4 Be6 16. Na4 Qa5 17. Qd4 Bd7 18. c3 Rxe1+ 19. Rxe1 Re8 20. Rxe8+ Bxe8 21. a3 Bd7 22. Qc5 Qc7 23. Qe3 Qa5 24. Qc5 Qc7 25. b4 Qb8 26. Qe3 Be6 27. Nc5 Bd7 28. a4 Qd6 29. a5 Be8 30. Nb7 Qb8 31. Nc5 Qd6 32. a6 Kf8 33. Nb3 Qc7 34. Na5 Bd7 35. Qc5+ Kg8 36. Nb3 Qb8 37. Nd4 Qe8 38. Qxa7 Qe1+ 39.
Bf1 Qxc3 40. Qc5 Qa1 41. Nxc6 Ne4 42. Qxd5 Bxc6 43. Qxc6 Nd2 44. Qc8+ 1-0

[Event "*** Titled Tuesday 3|2 Blitz"]
[Site "Chess.com"]
[Date "2015.12.01"]
[Round "7"]
[White "ArnaudovP"]
[Black "yopino"]
[Result "1/2-1/2"]
[WhiteElo "2318"]
[BlackElo "2230"]
[TimeControl "180+2"]
[EndTime "12:29:22 PST"]
[Termination "Game drawn by agreement"]

1. d4 Nf6 2. c4 e6 3. Nc3 Bb4 4. Qc2 Nc6 5. Nf3 d6 6. Bd2 O-O 7. a3 Bxc3 8. Bxc3 a5 9. Rd1 a4 10. e4 Qe7 11. e5 Nd7 12. Bd3 h6 13. O-O dxe5 14. dxe5 Nc5 15. Be4 Bd7 16. Rfe1 Rfd8 17. Qe2 Nxe4 18. Qxe4 Be8 19. h4 Rxd1 20. Rxd1 Rd8 21.
Rxd8 Qxd8 22. Kh2 b6 23. g4 Ne7 24. Qd4 Qxd4 25. Bxd4 c5 26. Bc3 Bc6 27. Kg3 Kf8 28.
h5 Ke8 29. Nd2 Kd7 30. f4 Nc8 31. g5 Ne7 32. gxh6 Nf5+ 33. Kf2 Nxh6 34. Nf1 Nf5 35. Ne3 Nxe3 36. Kxe3 Ke7 37. Be1 Bg2 38. Bh4+ Ke8 39. Bg5 Bf1 40. h6 gxh6 41. Bxh6 Bxc4 42. Kd2 Kd7 43. Kc3 Bb3 44. Bg5 Kc6 45. Bf6 Kb5 46. Bd8 Kc6 47. Bf6 b5 48. Be7 Kd5 49. Bg5 Ke4 50.
Bh6 Kf5 51. Bg5 Bd1 52. Bh6 Bb3 53. Bg5 Bd5 54. Kd2 Ke4 55. Kc3 Kf5 56. Bh6 Kg4 57. Bg5 Kf3 58. Bh6 Kg3 59. Bg5 Kg4 60. Bh6 Kf5 61. Bg5 Kg6 62. Bf6 Kf5 63. Bg5 Ke4 64. Bh6 Kf5 1/2-1/2

[Event "*** Titled Tuesday 3|2 Blitz"]
[Site "Chess.com"]
[Date "2015.12.01"]
[Round "7"]
[White "Rikikits"]
[Black "jefferyx"]
[Result "1-0"]
[WhiteElo "2591"]
[BlackElo "2564"]
[TimeControl "180+2"]
[EndTime "12:29:40 PST"]
[Termination "Rikikits won by resignation"]

1. e4 a6 2. d4 b5 3. Bd3 Bb7 4. Ne2 e6 5. O-O c5 6. c3 Nf6 7. e5 Nd5 8. Nd2 d6 9. Nf3 Nd7 10. exd6 Bxd6 11. Ng3 cxd4 12. Nxd4 Nc5 13. Bc2 h5 14.
Re1 Kf8 15. Ne4 Nxe4 16. Bxe4 Qc7 17. Qf3 Bxh2+ 18. Kh1 Kg8 19. Qh3 Bd6 20. Nxe6 Qe7 21. Nd4 g6 22. Bd2 Qf6 23. Qf3 Qh4+ 24. Qh3 Qf6 25.
Nf3 h4 26. Bg5 Qg7 27. Qd7 h3 28. g3 f5 29. Bxd5+ Bxd5 30. Qxd6 Qf7 31. Kh2 1-0

[Event "*** Titled Tuesday 3|2 Blitz"]
[Site "Chess.com"]
[Date "2015.12.01"]
[Round "7"]
[White "alex_zapata"]
[Black "stefanodinn"]
[Result "0-1"]
[WhiteElo "2149"]
[BlackElo "2142"]
[TimeControl "180+2"]
[EndTime "12:29:51 PST"]
[Termination "stefanodinn won by checkmate"]

1. e4 c5 2. Nf3 d6 3. d4 cxd4 4. Nxd4 Nf6 5. Nc3 a6 6. Bg5 e6 7.
f4 h6 8. Bh4 Be7 9. Qf3 Qc7 10.
O-O-O Nbd7 11. Bf2 b5 12. a3 Bb7 13. Bd3 O-O 14. g4 d5 15. e5 Ne8 16. Nce2 Nc5 17. h4 f6 18. exf6 Nxf6 19. g5 Nfe4 20. gxh6 e5 21. Qg2 Bf6 22. Nf5 Nxf2 23. Qxf2 e4 24.
hxg7 Bxb2+ 25. Kxb2 Rxf5 26. h5 exd3 27. h6 Kh7 28. Ng3 Rxf4 29. Qe3 Na4+ 30. Ka2 Qxc2+ 31. Ka1 Qb2# 0-1

[Event "*** Titled Tuesday 3|2 Blitz"]
[Site "Chess.com"]
[Date "2015.12.01"]
[Round "7"]
[White "MITerryble"]
[Black "LuckyTiger"]
[Result "1-0"]
[WhiteElo "2615"]
[BlackElo "2490"]
[TimeControl "180+2"]
[EndTime "12:30:03 PST"]
[Termination "MITerryble won by resignation"]

1. d4 Nf6 2. Nf3 c5 3. d5 g6 4. Nc3 Bg7 5. e4 d6 6. Be2 O-O 7. O-O Na6 8. Nd2 Nc7 9. a4 e6 10. Nc4 e5 11. f4 exf4 12. Bxf4 Nfe8 13. Qe1 b6 14. Qg3 Ba6 15. Nxd6 Bxc3 16. Qxc3 Nxd6 17.
Bxa6 Nxa6 18. Bh6 f6 19. Bxf8 Qxf8 20. Rxf6 Qd8 21. Raf1 Nc7 22. Qe5 Nc4 23. Qc3 Nd6 24.
Qe5 Nc4 25. Rf8+ Qxf8 26. Rxf8+ Rxf8 27. Qxc7 Nd2 28. h3 Nxe4 29. d6 Ng5 30. Qe7 Nf7 31. Qxa7 Rd8 32. d7 c4 33. b4 cxb3 34. cxb3 Ne5 35. Qxb6 1-0

[Event "*** Titled Tuesday 3|2 Blitz"]
[Site "Chess.com"]
[Date "2015.12.01"]
[Round "7"]
[White "ruifeng"]
[Black "tigra"]
[Result "1-0"]
[WhiteElo "2196"]
[BlackElo "2133"]
[TimeControl "180+2"]
[EndTime "12:30:10 PST"]
[Termination "ruifeng won on time"]

1. e4 c5 2. Nc3 g6 3. g3 Bg7 4. Bg2 Nc6 5. d3 Nf6 6. Be3 d6 7. h3 Rb8 8. Nge2 b5 9. Qd2 b4 10. Nd1 a5 11. O-O Ba6 12. Bh6 O-O 13. Bxg7 Kxg7 14.
Ne3 a4 15. f4 Nd4 16. g4 Qb6 17. Kh1 e6 18. Ng3 b3 19. axb3 axb3 20. c3 Nc6 21. g5 Nd7 22. f5 Nde5 23. c4 Nd4 24. Ng4 Ra8 25. Ne2 Nc2 26. Rad1 Nxg4 27. hxg4 Bb7 28. f6+ Kg8 29. Qf4 Rfb8 30. Qh2 Qd8 31. Rf3 Kh8 32. Rh3 Qg8 33. Qxd6 Ra2 34. Kh2 Rxb2 35. Rh1 Rd8 36. Qf4 Nb4 37. Kg1 1-0

[Event "*** Titled Tuesday 3|2 Blitz"]
[Site "Chess.com"]
[Date "2015.12.01"]
[Round "7"]
[White "Canairez"]
[Black "Blitzstream"]
[Result "0-1"]
[WhiteElo "2230"]
[BlackElo "2400"]
[TimeControl "180+2"]
[EndTime "12:30:12 PST"]
[Termination "Blitzstream won by resignation"]

1. d4 Nf6 2. c4 c6 3. Nc3 d5 4.
cxd5 cxd5 5. Bf4 Nc6 6. e3 g6 7.
Nb5 Qa5+ 8. Qd2 Qxd2+ 9. Kxd2 Ne4+ 10. Ke2 g5 11. f3 gxf4 12. fxe4 Bg4+ 13. Kf2 O-O-O 14.
e5 fxe3+ 15. Kxe3 f6 16. Nf3 fxe5 17. Nxe5 Bh6+ 18. Kd3 a6 19. Nxg4 Bg7 20. Nc3 Bxd4 21. Be2 e5 22. Rac1 Rhg8 23. g3 h5 24. Nf6 e4+ 25. Kd2 Bxf6 26. Rhf1 Bg5+ 27. Kc2 Bxc1 28. Kxc1 Rge8 29. Bxh5 Re7 30. Bg4+ Kc7 31. Re1 e3 32. Kd1 d4 33. Ne2 Nb4 34. Nc1 d3 35. a3 Nc2 36.
Rh1 e2+ 37. Kd2 e1=Q+ 38. Rxe1 Nxe1 39. h4 Rg8 40. Bf5 Rxg3 41. h5 Nf3+ 42. Kc3 d2 0-1

[Event "*** Titled Tuesday 3|2 Blitz"]
[Site "Chess.com"]
[Date "2015.12.01"]
[Round "7"]
[White "amaidel"]
[Black "kikydu96"]
[Result "1/2-1/2"]
[WhiteElo "2383"]
[BlackElo "2264"]
[TimeControl "180+2"]
[EndTime "12:30:24 PST"]
[Termination "Game drawn by repetition"]

1. e4 e5 2. Nf3 Nc6 3. Nc3 Nf6 4. g3 d5 5. exd5 Nxd5 6. Bg2 Nxc3 7. bxc3 Bc5 8. O-O O-O 9. d3 Bg4 10. Be3 Bxe3 11.
fxe3 e4 12. dxe4 Qe7 13. h3 Bh5 14. Qd5 Bg6 15. Nd4 Rad8 16. Nxc6 bxc6 17. Qxc6 Rd6 18.
Qc4 Qe5 19. Kh2 Rd2 20. Rad1 Rfd8 21. Rxd2 Rxd2 22. Rf4 Rxc2 23. Qb3 Rxg2+ 24. Kxg2 h5 25. Qc4 Qd6 26. Qd4 Qa6 27. Rf2 Qe6 28. e5 Qc6+ 29. Kh2 a5 30. c4 Kh7 31. Qd5 Qb6 32. Qd4 Qb1 33. g4 Be4 34. Qd2 h4 35. Rg2 Qf1 36. Qf2 Bxg2 37. Qxg2 Qxc4 38. Qf2 Kg8 39.
Qd2 Kh7 40. Qf2 Kg8 41. Qd2 Kh7 42. Qf2 Kg8 43. Qd2 Kh7 44. Qf2 Kg8 1/2-1/2

[Event "*** Titled Tuesday 3|2 Blitz"]
[Site "Chess.com"]
[Date "2015.12.01"]
[Round "7"]
[White "Haridaskesavan"]
[Black "FabianEnglert"]
[Result "0-1"]
[WhiteElo "2077"]
[BlackElo "2296"]
[TimeControl "180+2"]
[EndTime "12:30:28 PST"]
[Termination "FabianEnglert won by resignation"]

1. e4 g6 2. d4 Bg7 3. Bc4 e6 4. Bb3 Ne7 5. Nf3 O-O 6. O-O d6 7. c4 c5 8. Nc3 Nbc6 9. d5 Na5 10. dxe6 Bxe6 11. Qe2 Nec6 12. Be3 Qb6 13. Rad1 Nxb3 14. axb3 Qxb3 15. Nd5 Bxd5 16. Rxd5 Qxb2 17. Qxb2 Bxb2 18.
Rb1 Be5 19. Nxe5 Nxe5 20. Bxc5 dxc5 21. Rxe5 b6 22. Rd5 Rfe8 23. f3 Re6 24. Kf2 a5 25. Ke2 f5 26. Kd3 fxe4+ 27. fxe4 Rf8 28. e5 Rf2 29. g4 Rxh2 30. Rf1 Rh3+ 31. Ke4 Rc3 32. Rd8+ Kg7 33. Rd7+ Kh6 34. Rh1+ Kg5 35. Rdxh7 Re8 36. Rg7 Rxc4+ 37. Kd5 Rd4+ 38. Kc6 Re6+ 39. Kb5 Rb4+ 40. Ka6 Rxe5 41. Rh5+ Kf6 42. Rxe5 Kxg7 43. g5 Kf7 44. Rd5 Ke6 45. Rd1 Kf5 46. Rg1 a4 47. Kb7 a3 48.
Kc6 a2 49. Ra1 Rb2 50. Kd5 Kxg5 51. Kc4 b5+ 52. Kc3 Rg2 0-1

[Event "*** Titled Tuesday 3|2 Blitz"]
[Site "Chess.com"]
[Date "2015.12.01"]
[Round "7"]
[White "AndreyOstrovskiy"]
[Black "Colombiano07"]
[Result "1-0"]
[WhiteElo "2431"]
[BlackElo "2113"]
[TimeControl "180+2"]
[EndTime "12:30:33 PST"]
[Termination "AndreyOstrovskiy won by checkmate"]

1. e4 g6 2. d4 Bg7 3. c3 d5 4. e5 Bf5 5. Qb3 b6 6. Nf3 h5 7.
h3 h4 8. a4 a6 9. Be2 e6 10.
Bg5 f6 11. Bxh4 Rxh4 12. Nxh4 fxe5 13. Nxf5 gxf5 14. dxe5 Bxe5 15. Nd2 Nf6 16. Nf3 Bd6 17. O-O-O Nc6 18. g4 fxg4 19. hxg4 Nxg4 20. Rh8+ Bf8 21. Nd4 Nxd4 22. Rxd4 Qg5+ 23. f4 Qg7 24. Rh1 Bc5 25. Rdd1 Nf2 26. Rdg1 Nd3+ 27. Bxd3 Bxg1 28. Bxa6 Ke7 29.
Bd3 Rh8 30. Rxh8 Qxh8 31. f5 Qh1 32. Kb1 Qf3 33. Qc2 e5 34. c4 e4 35. Be2 Qxf5 36. cxd5 Qxd5 37. Qxc7+ Kf6 38. Qf4+ Qf5 39. Qd6+ Qe6 40.
Qf8+ Ke5 41. Qg7+ Kd5 42. Qxg1 e3 43. Qd1+ Kc5 44. Qc2+ Kb4 45. Qc3+ Kxa4 46. Qa3# 1-0

[Event "*** Titled Tuesday 3|2 Blitz"]
[Site "Chess.com"]
[Date "2015.12.01"]
[Round "7"]
[White "stepanosinovsky"]
[Black "chessmaxusa"]
[Result "0-1"]
[WhiteElo "2202"]
[BlackElo "2321"]
[TimeControl "180+2"]
[EndTime "12:30:36 PST"]
[Termination "chessmaxusa won on time"]

1. e4 c6 2. d3 d5 3. Nd2 g6 4. Ngf3 Bg7 5. g3 Nf6 6. Bg2 O-O 7. O-O Ne8 8. Re1 Nc7 9. c3 dxe4 10. dxe4 Ne6 11.
Qe2 a5 12. h4 Na6 13. h5 Nac5 14. Nc4 Qd3 15. hxg6 hxg6 16. Nb6 Rb8 17. Qxd3 Nxd3 18. Rd1 Nxc1 19. Raxc1 Nc5 20. Nxc8 Rfxc8 21. Nd4 a4 22. Kf1 Rd8 23. Ke2 Bh6 24. Rb1 Bg7 25. Nc2 Ne6 26.
f4 Kf8 27. Rxd8+ Nxd8 28. Rd1 Ke8 29. e5 Ra8 30. Nd4 Ra5 31. Bf3 f6 32. exf6 Bxf6 33.
Nc2 g5 34. Rd2 Nf7 35. Ne3 Nd6 36. Bh5+ Kf8 37. Bf3 gxf4 38. gxf4 a3 39. b4 Ra8 40. Rc2 Nb5 0-1

[Event "*** Titled Tuesday 3|2 Blitz"]
[Site "Chess.com"]
[Date "2015.12.01"]
[Round "7"]
[White "motivated_bishop"]
[Black "BakaPG"]
[Result "1-0"]
[WhiteElo "2294"]
[BlackElo "2461"]
[TimeControl "180+2"]
[EndTime "12:30:40 PST"]
[Termination "motivated_bishop won by resignation"]

1. d4 c5 2. d5 e5 3. e4 d6 4. Nc3 Be7 5. Bb5+ Nd7 6. a4 a6 7.
Be2 b6 8. Nf3 Ngf6 9. O-O O-O 10. h3 Ne8 11. Be3 Kh8 12. Nd2 Bg5 13. Nc4 Bxe3 14. fxe3 Rb8 15. Bg4 Qe7 16. Qe2 g6 17. Rf2 Nef6 18. Bf3 Kg7 19. Ra3 h5 20. Rb3 Rh8 21.
Qf1 g5 22. Be2 g4 23. h4 Rh6 24. g3 Rg6 25. Rf5 Kh6 26. Na3 c4 27. Nxc4 b5 28. Na5 Bb7 29. axb5 Nc5 30. Rb4 Ba8 31. b6 Qd8 32. Nc6 Bxc6 33. dxc6 Rxb6 34. Rxb6 Qxb6 35.
Rxf6 Ne6 36. Rxg6+ Kxg6 37. Qf5+ Kg7 38. Nd5 Qxb2 39.
Qf6+ Kg8 40. c7 Qxc2 41. c8=Q+ 1-0

[Event "*** Titled Tuesday 3|2 Blitz"]
[Site "Chess.com"]
[Date "2015.12.01"]
[Round "7"]
[White "AdrianaNikolova"]
[Black "Thomaslegend"]
[Result "0-1"]
[WhiteElo "2205"]
[BlackElo "2135"]
[TimeControl "180+2"]
[EndTime "12:30:46 PST"]
[Termination "Thomaslegend won on time"]

1. e4 c5 2. Nf3 d6 3. d4 cxd4 4.
Nxd4 Nf6 5. Nc3 a6 6. g3 e5 7. Nb3 Be6 8. Bg2 Be7 9. O-O Nbd7 10. Nd5 Nxd5 11. exd5 Bf5 12. f4 Qc8 13. fxe5 Bxc2 14. Qg4 Nxe5 15. Qxg7 Rf8 16. Nd4 Bg6 17. Kh1 Qd7 18. Qh6 Ng4 19. Qf4 Ne5 20. Bd2 O-O-O 21. Ba5 Rde8 22. Rac1+ Kb8 23. Rc7 Qg4 24. Qxg4 Nxg4 25.
Re1 Bd8 26. Rxe8 Rxe8 27. Rc1 Bxa5 28. h3 Nf2+ 29. Kh2 Nd3 30. Rf1 Bb6 31. Nf5 Bxf5 32.
Rxf5 Re2 33. Rxf7 Ne1 34. Rxh7 Rxg2+ 35. Kh1 Rxg3 36. h4 Nf3 37. Rh8+ Ka7 38. Ra8+ Kxa8 0-1

[Event "*** Titled Tuesday 3|2 Blitz"]
[Site "Chess.com"]
[Date "2015.12.01"]
[Round "7"]
[White "ChessWarrior7197"]
[Black "ChadaevNikolay"]
[Result "0-1"]
[WhiteElo "2453"]
[BlackElo "2556"]
[TimeControl "180+2"]
[EndTime "12:30:51 PST"]
[Termination "ChadaevNikolay won by resignation"]

1. e4 c5 2. Nf3 g6 3. c3 Nf6 4.
e5 Nd5 5. d4 cxd4 6. cxd4 Bg7 7. Bc4 Nb6 8. Bb3 O-O 9. O-O d6 10. Nc3 Nc6 11. exd6 Qxd6 12. Ne4 Qd8 13. Be3 Na5 14.
Nc5 Nxb3 15. Qxb3 Qd5 16. Rac1 Qxb3 17. Nxb3 Nd5 18. Rc5 Rd8 19. Rfc1 b6 20. R5c2 Bf5 21. Rc4 Bd3 22. Rc6 Bb5 23. R6c2 a5 24. Nbd2 Nb4 25.
Rc7 Nxa2 26. Ra1 Nb4 27. Rxe7 Nd5 28. Re4 h6 29. g4 Rac8 30. h3 Bd3 31. Re5 f6 32.
Re4 Kf7 33. Ra3 Bxe4 34. Nxe4 Bf8 35. Rd3 Rc2 36. b3 b5 37. Bd2 a4 38. bxa4 bxa4 39. Nc5 Bxc5 40. dxc5 Rxc5 41. Be3 Rc3 42. Rd4 a3 43.
Bd2 a2 44. Bxc3 Nxc3 45. Rxd8 a1=Q+ 46. Kg2 Ne2 47. Rd7+ Ke8 48. Rd2 Nf4+ 49. Kg3 g5 50. Rd4 Ne2+ 51. Kg2 Nxd4 52. Nxd4 0-1

[Event "*** Titled Tuesday 3|2 Blitz"]
[Site "Chess.com"]
[Date "2015.12.01"]
[Round "7"]
[White "Frolyanov_D"]
[Black "Konavets"]
[Result "1-0"]
[WhiteElo "2516"]
[BlackElo "2524"]
[TimeControl "180+2"]
[EndTime "12:30:51 PST"]
[Termination "Frolyanov_D won on time"]

1. d4 Nf6 2. c4 g6 3. Nf3 Bg7 4. g3 O-O 5. Bg2 c5 6. O-O cxd4 7. Nxd4 d5 8. cxd5 Nxd5 9. Nc3 Nxc3 10. bxc3 Nc6 11.
Be3 Na5 12. Qa4 Bd7 13. Qb4 Rc8 14. Rfd1 Rc4 15. Qb2 Qc8 16. Rac1 Ba4 17. Re1 Rd8 18. Qa3 Bf8 19. Nb3 Nc6 20. Nd2 e6 21. Qb2 Rg4 22.
h3 Rxd2 23. Qxd2 Rc4 24. Bd4 Nxd4 25. cxd4 Bb4 26. Rxc4 Qxc4 27. Rc1 Qb5 28. Rc8+ Kg7 29. Qe3 Bd6 30. d5 e5 31. h4 b6 32. h5 Qb1+ 33. Rc1 Qf5 34. h6+ Kf6 35. Be4 Qh3 36.
Qf3+ Ke7 37. e3 Bd7 38. Bd3 Qxh6 39. Bf1 Qf8 40. Qe4 h5 41. Qh4+ f6 42. Bh3 1-0